 Dungeon Crawl Stone Soup version 0.20.0-8-g6b59dc7 (webtiles) character file.

9589 shpingle the Grappler (level 11, -1/97 HPs)
             Began as a Troll Fighter on June 1, 2017.
             Was a High Priest of Qazlal.
             Killed from afar by a quokka zombie (16 damage)
             ... with an exploding inner flame
             ... hexed by the player character
             ... on level 8 of the Dungeon.
             The game lasted 00:27:12 (5781 turns).

shpingle the Grappler (Troll Fighter)               Turns: 5781, Time: 00:27:13

Health: -1/97      AC:  6    Str: 26    XL:     11   Next: 25%
Magic:  0/14       EV: 14    Int:  4    God:    Qazlal [*****.]
Gold:   444        SH: 17    Dex: 12    Spells: 8/10 levels left

rFire    + . .     SeeInvis .     - Unarmed
rCold    . . .     Gourm    +   b - +1 shield
rNeg     . . .     Faith    .   a - +0 robe
rPois    .         Spirit   +   (helmet restricted)
rElec    .         Reflect  .   (no cloak)
rCorr    .         Harm     .   (gloves unavailable)
MR       .....                  (boots unavailable)
Stlth    +.........             k - amulet of guardian spirit
Regen    0.7/turn               (no ring)
MPRegen  0.2/turn               (no ring)

@: protected from fire, berserk cooldown, slowed, repel missiles, very slow
A: unfitting armour, claws 3, repulsion field 1, fast metabolism 3, gourmand,
regeneration 1, shaggy fur 2, tough skin 2
a: Upheaval, Elemental Force, Disaster Area, Renounce Religion


You were on level 8 of the Dungeon.
You worshipped Qazlal.
Qazlal was extremely pleased with you.
You were very full.

You visited 1 branch of the dungeon, and saw 8 of its levels.
You also visited: Ossuary and Bailey.

You collected 444 gold pieces.

Inventory:

Hand Weapons
 y - a +0 blowgun
Missiles
 l - 11 tomahawks (quivered)
 q - 2 large rocks
 z - 20 poisoned needles
 B - 5 steel tomahawks
 J - a silver tomahawk
 R - 3 curare-tipped needles
 T - 66 tomahawks of returning
Armour
 a - a +0 robe (worn)
 b - a +1 shield (worn)
Jewellery
 k - an amulet of guardian spirit (around neck)
 w - an uncursed amulet of harm {unknown}
Wands
 Q - a wand of confusion (0/48)
Scrolls
 g - a scroll of amnesia
 n - a scroll of blinking {unknown}
 s - 5 scrolls of enchant armour
 t - a scroll of fog {unknown}
 H - 4 scrolls of remove curse
 L - a scroll of enchant weapon {unknown}
 S - 3 scrolls of magic mapping
Potions
 f - 7 potions of heal wounds
 h - 4 potions of curing
 j - 3 potions of brilliance
 A - 7 potions of mutation
 F - a potion of haste
 K - a potion of flight
 N - a potion of resistance
Books
 P - a book of Geomancy

   Spells                             Type                      Level
   a - Sandblast                      Earth                        1
   b - Passwall                       Transmutation/Earth          2
   c - Stone Arrow                    Conjuration/Earth            3
   d - Petrify                        Transmutation/Earth          4
   e - Lee's Rapid Deconstruction     Earth                        5
Comestibles
 d - 5 bread rations
 u - 4 royal jellies
 v - 4 meat rations
 I - 6 fruits
 X - 3 chunks of flesh


   Skills:
 - Level 3.5 Fighting
 + Level 5.9 Throwing
 - Level 2.2 Armour
 + Level 6.4 Dodging
 + Level 6.5 Shields
 * Level 8.9 Unarmed Combat
 - Level 2.0 Transmutations
 + Level 4.3 Earth Magic
 + Level 5.6 Invocations
 - Level 2.0 Evocations


You had 8 spell levels left.
You knew the following spells:

 Your Spells              Type           Power        Failure   Level  Hunger
a - Passwall              Tmut/Erth      #.........   36%         2    ###....


Dungeon Overview and Level Annotations

Branches:
Dungeon (8/15)             Temple (0/1) D:7            Lair (0/6) D:8

Altars:
Gozag
Hepliaklqana
Kikubaaqudgha
Qazlal
Sif Muna
Uskayaw
Vehumet
Zin
The Shining One

Annotations:
D:6 gold zin
D:8 Maurice


Innate Abilities, Weirdness & Mutations

You are too large for most types of armour.
You have claws for hands.
Your metabolism is lightning-fast.
You like to eat raw meat.
Your natural rate of healing is unusually fast.
You are covered in thick fur. (AC +2)
You have very tough skin. (AC +2)
You are surrounded by a mild repulsion field. (EV +2)


Message History

A wight comes into view. It is wielding an antimagic hand axe.
A wight comes into view. It is wielding a halberd.
You block the quokka zombie's attack. The rat bites you but does no damage.
Found a stone staircase leading down.
As you read the scroll labeled BEWASA VOT, it crumbles to dust.
The creatures around you are filled with an inner flame!
It was a scroll of immolation.
You block the quokka zombie's attack. You block the rat's attack.
The quokka zombie closely misses you.
You scratch the rat.
The rat explodes!
The fiery explosion engulfs you! You resist.
You feel more protected from fire.
* * * LOW HITPOINT WARNING * * *
The fiery explosion engulfs the wight.
The wight explodes!
The fiery explosion engulfs the quokka zombie.
The quokka zombie explodes!
The fiery explosion engulfs you! You resist.
You feel more protected from fire.
You die...

█..>.......
█.......°.█.
█.......z......
█.......z......
█....£.....█..██
█..§§§z.█.......
█...§§§█..>..█..
█@§r5Yz......
█§Y...█......
██..DY.......
█.██........
███§█....... █§
....... █.
.[..... █.
......█ █.
██..███


You could see 3 death yaks, a steam dragon (inner flame), a porcupine (inner
flame), 4 wights and a crimson imp (inner flame).

Vanquished Creatures
  The ghost of lastplaneout the Basher, a novice MiFi of the Shining One (Bailey)
  An orc knight (Bailey)
  A hornet (D:8)
  The ghost of djent the Covert, a novice SpCj of Sif Muna (D:5)
  A wyvern (D:4)
  A phantom (D:5)
  A sky beast (D:8)
  3 orc warriors
  An ice beast (D:7)
  6 ogres
  A necrophage (D:8)
  A crocodile (D:8)
  A big kobold (D:8)
  5 bullfrogs
  2 scorpions (D:4)
  3 wights
  2 centaur zombies
  4 crimson imps
  2 jellies
  3 orc priests
  A centaur skeleton (D:5)
  3 hounds
  A bullfrog skeleton (D:6)
  A human zombie (Ossuary)
  Jessica (D:3)
  Terence (D:3)
  2 iguanas (D:4)
  15 orc wizards
  2 worker ants (D:7)
  A big kobold zombie (Ossuary)
  A hound zombie (D:7)
  4 mummies (Ossuary)
  A worker ant zombie (D:7)
  Robin (D:4)
  18 gnolls
  9 adders
  2 shadow imps
  4 oozes
  An adder skeleton (D:4)
  6 worms
  2 dart slugs (D:1)
  2 leopard geckos
  21 orcs
  6 giant cockroaches
  A gnoll zombie (Ossuary)
  19 goblins
  19 hobgoblins
  4 quokkas
  2 ball pythons
  A ball python skeleton (D:4)
  3 bats (D:1)
  4 frilled lizards
  A goblin zombie (Ossuary)
  2 hobgoblin zombies (Ossuary)
  27 kobolds
  An orc zombie (Ossuary)
  A quokka skeleton (D:4)
  2 rats
234 creatures vanquished.

Notes
Turn   | Place    | Note
-------+----------+-------------------------------------------
     0 | D:1      | shpingle the Troll Fighter began the quest for the Orb.
     0 | D:1      | Reached XP level 1. HP: 22/22 MP: 0/0
   164 | D:1      | Reached XP level 2. HP: 29/29 MP: 1/1
   295 | D:3      | Found a stormy altar of Qazlal.
   297 | D:3      | Noticed a fire elemental
   297 | D:3      | Noticed an air elemental
   298 | D:3      | Noticed a water elemental
   298 | D:3      | Noticed an earth elemental
   303 | D:3      | Became a worshipper of Qazlal Stormbringer
   377 | D:1      | Reached XP level 3. HP: 33/36 MP: 2/2
   636 | D:1      | Reached skill level 3 in Dodging
   718 | D:1      | Reached * piety under Qazlal
   782 | D:2      | Found a hazy altar of Hepliaklqana.
   828 | D:2      | Reached skill level 3 in Shields
   847 | D:2      | Found a faded altar of an unknown god.
   919 | D:2      | Found a radiant altar of Vehumet.
   965 | D:2      | Reached XP level 4. HP: 44/44 MP: 3/3
  1686 | D:3      | Reached skill level 3 in Unarmed Combat
  1883 | D:3      | Found an ancient bone altar of Kikubaaqudgha.
  1971 | D:3      | Reached XP level 5. HP: 15/50 MP: 2/4
  2121 | D:3      | Noticed Terence
  2133 | D:3      | Killed Terence
  2367 | D:3      | Noticed Jessica
  2369 | D:3      | Killed Jessica
  2576 | D:4      | Found an opulent altar of Gozag.
  2605 | D:4      | Reached XP level 6. HP: 43/59 MP: 4/6
  2714 | D:4      | Noticed Robin
  2720 | D:4      | Reached ** piety under Qazlal
  2725 | D:4      | Reached skill level 4 in Unarmed Combat
  2738 | D:4      | Killed Robin
  2931 | D:4      | Reached XP level 7. HP: 55/66 MP: 5/7
  3029 | D:4      | Found a hide-covered altar of Uskayaw.
  3106 | D:4      | Noticed a wyvern
  3118 | D:4      | Killed a wyvern
  3130 | D:4      | Reached skill level 5 in Unarmed Combat
  3133 | D:4      | Reached skill level 3 in Throwing
  3304 | D:5      | Entered Level 5 of the Dungeon
  3320 | D:5      | Reached XP level 8. HP: 74/74 MP: 9/9
  3351 | D:5      | Found a sand-covered staircase.
  3357 | Ossuary  | Entered an ossuary
  3409 | Ossuary  | Gained mutation: You are surrounded by a mild repulsion field. (EV +2) [potion of mutation]
  3409 | Ossuary  | Gained mutation: You are covered in thick fur. (AC +2) [potion of mutation]
  3450 | Ossuary  | Reached *** piety under Qazlal
  3624 | D:5      | Found a deep blue altar of Sif Muna.
  3657 | D:5      | Noticed djent's ghost (novice SpCj)
  3663 | D:5      | Killed djent's ghost
  3663 | D:5      | Reached skill level 3 in Invocations
  3666 | D:5      | Reached skill level 6 in Unarmed Combat
  3730 | D:5      | Learned a level 2 spell: Passwall
  4117 | D:6      | Reached XP level 9. HP: 79/80 MP: 10/10
  4218 | D:6      | Found a glowing golden altar of the Shining One.
  4588 | D:6      | Found a glowing silver altar of Zin.
  4673 | D:7      | Reached skill level 7 in Unarmed Combat
  4687 | D:7      | Found a flagged portal.
  4736 | Bailey   | Entered a bailey
  4754 | Bailey   | Reached **** piety under Qazlal
  4776 | Bailey   | Noticed an orc knight
  4794 | Bailey   | Killed an orc knight
  4842 | Bailey   | Noticed lastplaneout's ghost (novice MiFi)
  4887 | Bailey   | Killed lastplaneout's ghost
  5225 | D:7      | Found a staircase to the Ecumenical Temple.
  5340 | D:7      | Reached skill level 8 in Unarmed Combat
  5340 | D:7      | Reached XP level 10. HP: 88/88 MP: 12/12
  5390 | D:7      | Reached skill level 3 in Earth Magic
  5588 | D:7      | Reached ***** piety under Qazlal
  5726 | D:8      | Paralysed by a hornet for 1 turns
  5736 | D:8      | Noticed Maurice
  5754 | D:8      | Reached skill level 3 in Fighting
  5754 | D:8      | Reached skill level 6 in Dodging
  5754 | D:8      | Reached skill level 6 in Shields
  5754 | D:8      | Reached XP level 11. HP: 41/97 MP: 8/14
  5776 | D:8      | Noticed a death yak
  5776 | D:8      | Noticed a death yak
  5776 | D:8      | Noticed a death yak
  5776 | D:8      | Found a staircase to the Lair.
  5781 | D:8      | Killed from afar by a quokka zombie

Skill      XL: |  1  2  3  4  5  6  7  8  9 10 |
---------------+-------------------------------+-----
Dodging        | 3 4 5 6 |  6.4
Shields        | 3 4 5 6 |  6.5
Unarmed Combat | 3 4 5 6 8 |  8.9
Throwing       | 1 2 3 4 5 |  5.9
Invocations    | 1 2 3 4 5 |  5.6
Earth Magic    | 1 2 4 |  4.3
Fighting       | 3 |  3.5
Armour         | 2 |  2.2
Transmutations | 2 |  2.0
Evocations     | 2 |  2.0

Action                   |  1- 3 |  4- 6 |  7- 9 | 10-12 || total
-------------------------+-------+-------+-------+-------++-------
Melee: Unarmed           |   106 |   170 |   374 |    50 ||   700
Throw: Stone             |    20 |    11 |     8 |       ||    39
       Large rock        |       |     1 |       |       ||     1
       Tomahawk          |       |       |     5 |    13 ||    18
 Cast: Passwall          |       |       |       |     1 ||     1
Invok: Upheaval          |       |       |     1 |       ||     1
Evoke: Wand              |       |       |     1 |       ||     1
  Use: Potion            |       |     2 |    10 |     2 ||    14
       Scroll            |       |       |    11 |     4 ||    15
  Eat: Chunk             |     8 |    20 |    22 |     4 ||    54
       Meat ration       |       |     1 |       |       ||     1
Armor: Robe              |    35 |    27 |    38 |     7 ||   107
       Skin              |       |     6 |       |       ||     6
Dodge: Dodged            |    38 |    45 |    89 |    30 ||   202
       Deflected         |       |       |     2 |     1 ||     3
Block: Shield            |    55 |    82 |   243 |    57 ||   437
